 Dungeon Crawl Stone Soup version 0.25.1-8-g42b30a86e7 (webtiles) character file.

Game seed: 13288114332940118308

7615 Janerl the Thaumaturge (level 10, -2/53 HPs)
             Began as a Deep Elf Conjurer on Dec 4, 2020.
             Was an Initiate of Gozag.
             Slain by a two-headed ogre
             ... wielding a +0 giant spiked club
              (12 damage)
             ... on level 10 of the Dungeon on Dec 11, 2020.
             The game lasted 01:24:26 (13244 turns).

Janerl the Thaumaturge (Deep Elf Conjurer)         Turns: 13244, Time: 01:24:29

Health: -2/53      AC:  7    Str:  7    XL:     10   Next: 98%
Magic:  29/32      EV: 18    Int: 19    God:    Gozag
Gold:   669        SH:  0    Dex: 16    Spells: 25/36 levels left

rFire    . . .     SeeInvis .   J - staff of conjuration
rCold    . . .     Gourm    .   (no shield)
rNeg     . . .     Faith    .   C - +0 steam dragon scales
rPois    .         Spirit   .   g - +0 helmet
rElec    .         Reflect  .   o - scarf {repulsion}
rCorr    .         Harm     .   m - +0 pair of gloves
MR       +....                  (no boots)
Stlth    +++.......             (no amulet)
HPRegen  0.17/turn              (no ring)
MPRegen  0.23/turn              (no ring)

@: repel missiles
A: dopey 1, high mp 1, MP-powered wands
a: Potion Petition, Call Merchant, Bribe Branch, Renounce Religion


You were on level 10 of the Dungeon.
You worshipped Gozag.
Gozag was pleased with you.
You were hungry.

You visited 2 branches of the dungeon, and saw 11 of its levels.

You collected 1912 gold pieces.
You spent 750 gold pieces at shops.
You paid 493 gold pieces to Gozag.

Inventory:

Hand Weapons
 a - a +1 short sword of protection
 b - a +2 vorpal hunting sling
 i - a +0 dagger of protection
 q - a +3 flail of protection
 G - a +2 dagger of speed
Missiles
 v - 23 sling bullets
 M - 5 curare-tipped darts (quivered)
Armour
 e - a +0 robe
 g - a +0 helmet (worn)
 m - a +0 pair of gloves (worn)
 o - a scarf of repulsion (worn)
 C - +0 steam dragon scales (worn)
 D - a +0 cloak
 H - a +2 robe of positive energy
Magical Staves
 J - an uncursed staff of conjuration (weapon)
Jewellery
 w - a +6 ring of strength {unknown}
Wands
 h - a wand of polymorph (11)
 t - a wand of disintegration (12)
 u - a wand of acid (5)
 I - a wand of paralysis (11)
Scrolls
 d - 8 scrolls of identify
 k - a scroll of amnesia {unknown}
 l - a scroll of fog {unknown}
 n - 2 scrolls of teleportation
 p - a scroll of blinking {unknown}
 r - 2 scrolls of enchant weapon
 s - a scroll of magic mapping {unknown}
 y - 2 scrolls of remove curse
 z - a scroll of torment {unknown}
 B - a scroll of immolation {unknown}
 E - a scroll of enchant armour {unknown}
Potions
 f - a potion of berserk rage {unknown}
 j - 5 potions of curing
 x - a potion of haste {unknown}
 A - a potion of ambrosia {unknown}
 F - 2 potions of heal wounds {unknown}
 L - a potion of magic {unknown}
 N - a potion of resistance
Miscellaneous
 K - a box of beasts
Comestibles
 c - 25 rations


   Skills:
 + Level 2.0 Fighting
 + Level 1.4 Short Blades
 + Level 8.0 Dodging
 + Level 5.4 Stealth
 + Level 0.1 Unarmed Combat
 + Level 13.5 Spellcasting
 + Level 11.6 Conjurations
 + Level 1.5 Hexes
 + Level 2.6 Evocations


You had 25 spell levels left.
You knew the following spells:

 Your Spells              Type           Power        Failure   Level  Hunger
a - Magic Dart            Conj           ####         1%          1    None
b - Searing Ray           Conj           ######       1%          2    None
c - Dazzling Flash        Conj/Hex       ######       1%          3    None
d - Freeze                Ice            ##..         4%          1    None
e - Iskenderun's Mystic   Conj/Tloc      ######..     4%          4    None

Your spell library contained the following spells:

 Spells                   Type           Power        Failure   Level  Hunger
 Fulminant Prism          Conj/Hex       ######....   3%          4    None
 Hailstorm                Conj/Ice       ######..     4%          4    None
 Frozen Ramparts          Ice            ##....       16%         3    None
 Ozocubu's Armour         Chrm/Ice       ##......     16%         3    None
 Summon Ice Beast         Ice/Summ       ##......     45%         4    None


Dungeon Overview and Level Annotations

Branches:
Dungeon (10/15)            Temple (1/1) D:4            Lair (0/6) D:10
    Orc: D:9-12

Altars:
Ashenzari
Cheibriados
Dithmenos
Gozag
Hepliaklqana
Kikubaaqudgha
Makhleb
Nemelex Xobeh
Okawaru
Qazlal
Ru
Trog
Uskayaw
Vehumet
Wu Jian
Yredelemnul
Zin

Shops:
D:4 (   D:7 %   D:9 }

Annotations:
D:9 exclusion: statue


Innate Abilities, Weirdness & Mutations

You are dopey. (Int -2)
You have an increased reservoir of magic. (+10% MP)
You expend magic power (3 MP) to strengthen your wands.


Message History

There is a stone staircase leading down here.
You climb downwards.
The hippogriff bites you! The hippogriff completely misses you.
The hippogriff barely misses you.
The two-headed ogre hits you with a +0 giant spiked club!
The two-headed ogre hits you with a +0 giant spiked club!!
The hippogriff bites you!
* * * LOW HITPOINT WARNING * * *
The hippogriff barely misses you. The hippogriff misses you.
There is a stone staircase leading up, spattered with blood here.
Evoke which item? (* to show all) (? for menu, Esc to quit)
Aiming: Disintegrate
Press: ? - help, Shift-Dir - straight line, f - two-headed ogre
Aim: a two-headed ogre, wielding two +0 giant spiked clubs (chance to defeat MR: 69%)
You feel a surge of power!
The two-headed ogre is blasted!!
The hippogriff bites you but does no damage.
The hippogriff barely misses you. The hippogriff claws you.
* * * LOW HITPOINT WARNING * * *
The two-headed ogre hits you with a +0 giant spiked club!
You die...
Your body crumbles into a pile of gold.

. .# #. ..##
#.##### #...#
#.....# .....
##.....#......
##......#.P..P.
...............
#...H@.......
####..O...>..
##........
#........
..#.....P
###....P.
#..... #..l#


You could see a two-headed ogre, a hippogriff and a basilisk (wandering).

Vanquished Creatures
  An elephant (D:9)
  Maggie (D:7)
  A queen bee (D:9)
  Grinder (D:3)
  A hornet (D:9)
  Prince Ribbit (D:8)
  Sigmund (D:4)
  Eustachio (D:5)
  A steam dragon (D:8)
  A hungry ghost (D:7)
  Duvessa (D:7)
  2 black bears
  3 sky beasts
  2 phantoms (D:9)
  4 orc warriors
  An ice beast (D:6)
  3 ogres
  3 centaurs
  2 crocodiles
  Blork the orc (D:5)
  A big kobold (D:9)
  2 bullfrogs (D:7)
  Dowan (D:7)
  A wyvern zombie (D:7)
  2 scorpions (D:4)
  44 killer bees
  2 howler monkeys
  7 crimson imps
  2 hounds
  9 orc priests
  A bullfrog skeleton (D:5)
  3 worker ants
  Terence (D:3)
  2 iguanas
  6 orc wizards
  A hound zombie (D:6)
  A mummy (D:9)
  2 worker ant zombies
  9 gnolls
  7 adders
  2 shadow imps
  An ooze (D:1)
  4 worms
  6 dart slugs
  4 leopard geckos
  30 orcs
  4 giant cockroaches
  A hobgoblin (D:3)
  14 jackals
  3 quokkas
  2 ball pythons (D:3)
  5 bats
  7 frilled lizards
  9 goblins
  10 kobolds
  2 leopard gecko skeletons
  A quokka skeleton (D:5)
  11 rats
252 creatures vanquished.

Notes
Turn   | Place    | Note
-------+----------+-------------------------------------------
     0 | D:1      | Janerl the Deep Elf Conjurer began the quest for the Orb.
     0 | D:1      | Reached XP level 1. HP: 10/10 MP: 6/6
   173 | D:1      | Reached XP level 2. HP: 15/15 MP: 4/8
   378 | D:1      | Reached skill level 5 in Conjurations
   593 | D:1      | Reached XP level 3. HP: 16/19 MP: 2/10
  1486 | D:2      | Found an opulent altar of Gozag.
  1516 | D:2      | Became a worshipper of Gozag Ym Sagoz the Greedy
  1663 | D:2      | Found a shadowy altar of Dithmenos.
  1863 | D:2      | Found a hide-covered altar of Uskayaw.
  2032 | D:2      | Reached skill level 4 in Spellcasting
  2268 | D:2      | Reached XP level 4. HP: 24/24 MP: 4/12
  2894 | D:3      | Found a burning altar of Makhleb.
  2908 | D:3      | Noticed Terence
  2938 | D:3      | Killed Terence
  3011 | D:3      | Reached XP level 5. HP: 17/28 MP: 5/14
  3028 | D:3      | Learned a level 2 spell: Searing Ray
  3231 | D:3      | Found a snail-covered altar of Cheibriados.
  3256 | D:3      | Found a basalt altar of Yredelemnul.
  3335 | D:3      | Found a bloodstained altar of Trog.
  3579 | D:3      | Noticed Grinder
  3593 | D:3      | Paralysed by Grinder for 7 turns
  3602 | D:3      | Paralysed by Grinder for 3 turns
  3616 | D:3      | Killed Grinder
  3616 | D:3      | Reached skill level 6 in Spellcasting
  3616 | D:3      | Reached XP level 6. HP: 6/33 MP: 0/17
  4636 | D:4      | Found a staircase to the Ecumenical Temple.
  4650 | Temple   | Entered the Ecumenical Temple
  4721 | D:4      | Found an ancient bone altar of Kikubaaqudgha.
  4793 | D:4      | Found an ornate altar of the Wu Jian Council.
  4809 | D:4      | Noticed Sigmund
  4824 | D:4      | Reached XP level 7. HP: 37/37 MP: 15/19
  4872 | D:4      | Killed Sigmund
  4872 | D:4      | Reached skill level 7 in Spellcasting
  5061 | D:4      | Learned a level 3 spell: Dazzling Flash
  5260 | D:4      | Found Zaubac's Weapon Boutique.
  5318 | D:4      | Noticed Edmund
  5332 | D:4      | Noticed Edmund
  5332 | D:4      | Edmund changed into Edmund the scorpion
  5337 | D:4      | Killed Edmund the scorpion
  5551 | D:4      | Found a hazy altar of Hepliaklqana.
  5684 | D:5      | Entered Level 5 of the Dungeon
  5694 | D:5      | Noticed Eustachio
  5715 | D:5      | Found a stormy altar of Qazlal.
  5744 | D:5      | Found a burning altar of Makhleb.
  5801 | D:5      | Gained mutation: Your flesh is cold resistant. (rC+)
                  | [potion of mutation]
  5801 | D:5      | Gained mutation: You are resistant to hostile enchantments.
                  | (MR+) [potion of mutation]
  5802 | D:5      | Lost mutation: Your flesh is cold resistant. (rC+) [potion
                  | of mutation]
  5802 | D:5      | Lost mutation: You are resistant to hostile enchantments.
                  | (MR+) [potion of mutation]
  5802 | D:5      | Gained mutation: Your body sometimes deteriorates upon
                  | taking damage. [potion of mutation]
  5802 | D:5      | Gained mutation: Your mind is acute. (Int +2) [potion of
                  | mutation]
  5932 | D:5      | Reached skill level 8 in Spellcasting
  6015 | D:5      | Reached XP level 8. HP: 42/42 MP: 17/22
  6265 | D:5      | Killed Eustachio
  6723 | D:5      | Noticed Blork the orc
  6740 | D:5      | Reached skill level 9 in Spellcasting
  6783 | D:5      | Killed Blork the orc
  7564 | D:6      | Reached skill level 1 in Evocations
  7565 | D:6      | Reached skill level 1 in Fighting
  7565 | D:6      | Reached skill level 10 in Spellcasting
  8103 | D:6      | Reached XP level 9. HP: 27/47 MP: 12/25
  8567 | D:7      | Found Zin's Purification Station.
  8567 | D:7      | Found a glowing silver altar of Zin.
  8581 | D:7      | Bought a potion of curing for 90 gold pieces
  8654 | D:7      | Noticed Maggie
  8664 | D:7      | Killed Maggie
  8666 | D:7      | Reached skill level 1 in Short Blades
  8666 | D:7      | Reached skill level 11 in Spellcasting
  8832 | D:7      | Noticed Duvessa
  8832 | D:7      | Noticed Dowan
  8841 | D:7      | Killed Duvessa
  8841 | D:7      | Reached skill level 5 in Dodging
  8847 | D:7      | Killed Dowan
  8923 | D:7      | Lost mutation: Your body sometimes deteriorates upon taking
                  | damage. [potion of mutation]
  8923 | D:7      | Lost mutation: Your mind is acute. (Int +2) [potion of
                  | mutation]
  8923 | D:7      | Gained mutation: You are dopey. (Int -2) [potion of
                  | mutation]
  8923 | D:7      | Gained mutation: You have an increased reservoir of magic.
                  | (+10% MP) [potion of mutation]
  8923 | D:7      | Gained mutation: You expend magic power (3 MP) to
                  | strengthen your wands. [potion of mutation]
  9102 | D:7      | Reached skill level 10 in Conjurations
  9218 | D:7      | Bought a ration for 55 gold pieces
  9218 | D:7      | Bought a ration for 55 gold pieces
  9218 | D:7      | Bought a ration for 55 gold pieces
  9218 | D:7      | Bought a ration for 55 gold pieces
  9218 | D:7      | Bought a ration for 55 gold pieces
  9218 | D:7      | Bought a ration for 55 gold pieces
  9218 | D:7      | Bought a ration for 55 gold pieces
  9218 | D:7      | Bought a ration for 55 gold pieces
 10333 | D:8      | Reached XP level 10. HP: 40/52 MP: 27/30
 10480 | D:8      | Noticed Prince Ribbit
 10488 | D:8      | Killed Prince Ribbit
 10488 | D:8      | Reached skill level 5 in Stealth
 10488 | D:8      | Reached skill level 12 in Spellcasting
 11450 | D:9      | Found a radiant altar of Vehumet.
 11521 | D:9      | Found Zilill's Gadget Shop.
 11531 | D:9      | Bought a box of beasts for 220 gold pieces
 11565 | D:9      | Reached skill level 13 in Spellcasting
 11981 | D:9      | Learned a level 1 spell: Freeze
 11986 | D:9      | Learned a level 4 spell: Iskenderun's Mystic Blast
 12285 | D:9      | Found a snail-covered altar of Cheibriados.
 12400 | D:9      | Found a sacrificial altar of Ru.
 12475 | D:9      | Reached skill level 1 in Hexes
 12969 | D:10     | Entered Level 10 of the Dungeon
 12969 | D:10     | Found a staircase to the Lair.
 12969 | D:10     | Noticed an elephant
 12969 | D:10     | Noticed a two-headed ogre
 12998 | D:9      | Killed an elephant
 13244 | D:10     | Slain by a two-headed ogre

Illustrated notes

Levels and vault maps discovered:
D:1:      nzn_arrival_depleted_hourglass, layout_basic, minmay_worlds_worst_comb
D:2:      layout_basic, lemuel_crystal_altar, grunt_gozag_breadcrumbs,
          grunt_dithmenos_smoke_and_mirrors, grunt_ministairs_11,
          kennysheep_generic_room_6
D:3:      layout_loops_ring, nicolae_overflow_hidden_temple,
          kennysheep_slug_shrine, lemuel_doored_altar, grunt_ministairs_6,
          hangedman_decor_clover_reticule, trog_butcher_becter, uniq_grinder,
          uniq_terence
D:4:      kennysheep_spiral_hall, layout_loops_ring, kiku_gazebo_pond_becter,
          lemuel_round_altar, lemuel_crystal_altar,
          minmay_temple_entry_butterflies, first_ration, serial_shops,
          nicolae_shop_trees, uniq_sigmund, uniq_edmund
D:5:      layout_loops_corners, lemuel_coloured_pillars_altar,
          nrook_mini_vaults, makhleb_blood_cavern_becter, uniq_blork_the_orc,
          uniq_eustachio
D:6:      layout_rooms, serial_aquarium, aquarium_bridge_straight
          [aquarium_subvault_bridge, aquarium_subvault_wall,
          aquarium_subvault_bridge, aquarium_subvault_wall],
          aquarium_window_corner, aquarium_window_fake, aquarium_window_fake,
          aquarium_window_fake, aquarium_view_2c, grunt_tough_drop
D:7:      layout_gridville, zin_purify, uniq_duvessa, uniq_maggie
D:8:      layout_loops_ring, uniq_prince_ribbit1
D:9:      layout_roguey [special_room_bee], vehumet_statue,
          kennysheep_little_box, serial_shops, shop, chei_slow_surprise
D:10:     lemuel_bear_cage, layout_rooms, david_lair_generic, hiddenorc2_lemuel,
          serial_shops, shop_fountains
Temple:   compressed_dpeg_triangle_lava_temple

Skill      XL: |  1  2  3  4  5  6  7  8  9 10 |
---------------+-------------------------------+-----
Conjurations   | 5 6 7 9 10 11 | 11.6
Spellcasting   | 4 6 8 10 11 13 | 13.5
Dodging        | 3 4 6 8 |  8.0
Stealth        | 3 4 5 |  5.4
Evocations     | 2 |  2.6
Fighting       | 1 2 |  2.0
Short Blades   | 1 |  1.4
Hexes          | 1 |  1.5
Unarmed Combat | |  0.1

Action                   |  1- 3 |  4- 6 |  7- 9 | 10-12 || total
-------------------------+-------+-------+-------+-------++-------
Melee: Unarmed           |     5 |       |       |       ||     5
       Dagger            |       |     9 |       |       ||     9
       Short sword       |       |       |     1 |       ||     1
       Staff             |       |       |       |     4 ||     4
 Cast: Magic Dart        |   109 |   114 |   194 |   113 ||   530
       Searing Ray       |       |     2 |    50 |    31 ||    83
       Dazzling Flash    |       |       |       |     4 ||     4
       Iskenderun's Myst |       |       |       |     3 ||     3
       Freeze            |       |       |       |     2 ||     2
Invok: Potion Petition   |       |     1 |       |       ||     1
       Call Merchant     |       |       |     1 |       ||     1
Evoke: Wand              |       |       |     5 |     6 ||    11
  Use: Potion            |       |     4 |     4 |     4 ||    12
       Scroll            |       |       |     4 |       ||     4
  Eat: Chunk             |     2 |       |       |       ||     2
       Ration            |     1 |     2 |     5 |     2 ||    10
Armor: Robe              |     3 |     5 |     7 |       ||    15
       Skin              |       |     7 |       |       ||     7
       Steam dragon scal |       |       |     4 |    12 ||    16
Dodge: Dodged            |    21 |    28 |    59 |   100 ||   208
       Repelled          |       |       |     1 |     5 ||     6
